 Dungeon Crawl Stone Soup version 0.30.1-11-g7821555f0a (webtiles) character file.

Game seed: 15345099445441455689

830 CaptainMV the Shooter (level 7, -4/62 HPs)
             Began as a Naga Wanderer on Nov 7, 2023.
             Slain by Pikel
             ... wielding a +0 whip of electrocution
              (7 damage)
             ... on level 5 of the Dungeon on Nov 23, 2023.
             The game lasted 00:34:41 (3194 turns).

CaptainMV the Shooter (Naga Wanderer)               Turns: 3194, Time: 00:34:42

Health: -4/62      AC:  5    Str: 12    XL:     7   Next: 97%
Magic:  12/12      EV: 10    Int: 15    God:
Gold:   161        SH:  0    Dex: 12    Spells: 7/13 levels left

rFire   . . .        b - +1 short sword (drain)
rCold   . . .        (no shield)
rNeg    . . .        d - +1 robe
rPois   +            e - +0 helmet
rElec   .            (no cloak)
rCorr   .            (no gloves)
SInv    +            (no barding)
Will    .....        (no amulet)
Stlth   ++           (no ring)
HPRegen 0.30/turn    (no ring)
MPRegen 0.13/turn

%: no passive effects
@: short of breath, hasted, studying Dodging, quick
A: AC +2, large, see invisible, deformed body, poison resistance, slowness 2,
spit poison 1, naga tail 1
a: Spit Poison


You were on level 5 of the Dungeon.
You visited 1 branch of the dungeon, and saw 5 of its levels.

You collected 161 gold pieces.

Inventory:

Hand Weapons
 a - a +1 shortbow
 b - a +1 short sword of draining (weapon)
Missiles
 h - a throwing net
 m - 4 poisoned darts
Armour
 d - a +1 robe (worn)
 e - a +0 helmet (worn)
Jewellery
 p - a ring of protection from fire
Wands
 i - a wand of flame (23)
 q - a wand of polymorph (8)
Scrolls
 g - a scroll of vulnerability
Potions
 c - 2 potions of brilliance
 f - a potion of resistance
 l - 2 potions of cancellation
 n - a potion of magic
 o - 4 potions of might


   Skills:
 + Level 3.5 Fighting
 + Level 2.1 Short Blades
 + Level 5.4 Ranged Weapons
 + Level 2.2 Dodging
 + Level 3.5 Stealth
 + Level 3.7 Spellcasting
 + Level 0.4 Conjurations
 + Level 0.7 Hexes
 + Level 3.0 Ice Magic
 + Level 0.1 Evocations


You had 7 spell levels left.
You knew the following spells:

 Your Spells              Type           Power      Damage    Failure   Level
a - Freeze                Ice            48%        1d6       5%          1
b - Slow                  Hex            20%        N/A       14%         1
c - Fulminant Prism       Conj/Hex       2%         3d5       82%         4

Your spell library contained the following spells:

 Spells                   Type           Power      Damage    Failure   Level
 Frozen Ramparts          Ice            24%        1d4       16%         3
 Sting                    Tmut/Pois      8%         1d3       19%         1
 Confusing Touch          Hex            5%         N/A       38%         3
 Dazzling Flash           Conj/Hex       8%         N/A       41%         3
 Mephitic Cloud           Conj/Pois/Air  3%         N/A       47%         3
 Metabolic Englaciation   Hex/Ice        4%         N/A       93%         5
 Agony                    Necr           2%         N/A       99%         5
 Silence                  Hex/Air        1%         N/A       99%         5
 Eringya's Noxious Bog    Tmut/Pois      1%         N/A       100%        6


Dungeon Overview and Level Annotations

Branches:
Dungeon (5/15)
 Temple: D:4-7

Altars:
The Shining One

Annotations:
D:5 Pikel


Innate Abilities, Weirdness & Mutations

Your serpentine skin is tough. (AC +2)
You have supernaturally acute eyesight. (SInv)
Armour fits poorly on your strangely shaped body.
Your system is resistant to poisons. (rPois)
You cover ground very slowly.
You can spit poison.
You have a snake-like lower body.


Message History

It was a potion of magic.
Magic courses through your body. The adder bites you but does no damage.
Aiming: Spit Poison (1% risk of failure)
Press: ? - help, Shift-Dir - straight line, f - orc
Aim: an orc, wielding a +0 hand axe and wearing a +0 leather armour (moderately wounded, heavily drained, 59% to hit)
The splash of poison hits the orc!
The orc is poisoned.
You kill the orc!
An orc comes into view. It is wielding a +0 whip.
The adder barely misses you.
The orc shouts!
You hit the adder.
The adder is moderately wounded.
You hear a shout!
Aiming: Throw Flame
Press: ? - help, Q - select action, (/) - cycle Shift-Dir - straight line, f - adder
Aim: an adder (moderately wounded, 48% to hit)
The puff of flame hits the adder!
You kill the adder!
Aiming: Throw Flame
Press: ? - help, Q - select action, (/) - cycle Shift-Dir - straight line, f - Pikel
Aim: Pikel, wielding a +0 whip of electrocution and wearing a +0 robe (60% to hit)
The puff of flame hits Pikel.
Pikel is lightly wounded.
A lemure comes into view.
Aiming: Throw Flame
Press: ? - help, Q - select action, (/) - cycle Shift-Dir - straight line, f/p - Pikel
Aim: Pikel, wielding a +0 whip of electrocution and wearing a +0 robe (lightly wounded, 60% to hit)
The puff of flame hits Pikel.
Pikel is lightly wounded.
You hit Pikel but do no damage. You drain Pikel.
Pikel is moderately wounded.
You barely miss Pikel.
Pikel is moderately wounded.
A lemure comes into view.
Pikel closely misses you.
The lemure shouts!
You hit Pikel. You drain Pikel.
Pikel is heavily wounded.
Pikel hits you with a +0 whip of electrocution!
You die...

...............#............
......................####..
...............#......###..#
.......†)......##...>.'...##
.....55........##.....######
...............##.....## ###
.........oo............# #..
..........K............# #..
..........o@...........# #..
.......................# #..
.......................# #..
##.....#####...........# #..
#..... #...........# #..
..... #...........# #.. ..
#...........# #..
#........)..# ###
#...........#


You could see Pikel (drained), 2 lemures, an orc priest, an orc wizard and an
orc.

Vanquished Creatures
  Sigmund (D:3)
  An ogre (D:5)
  2 phantoms
  A scorpion (D:5)
  A gnoll sergeant (D:5)
  A jelly (D:4)
  2 hounds
  An iguana (D:4)
  7 adders
  7 gnolls
  A worm (D:4)
  2 dart slugs
  4 orcs
  3 bats
  11 endoplasms
  5 goblins
  9 hobgoblins
  5 kobolds
  3 quokkas
  6 ball pythons
  3 frilled lizards
  5 rats
81 creatures vanquished.

Vanquished Creatures (others)
  4 fulminant prisms
4 creatures vanquished.

Grand Total: 85 creatures vanquished

Notes
Turn   | Place    | Note
-------+----------+-------------------------------------------
     0 | D:1      | CaptainMV the Naga Wanderer began the quest for the Orb.
     0 | D:1      | CaptainMV set off with the following items: a +0 shortbow,
                  | a +0 helmet, a potion of brilliance, a +0 robe; and the
                  | following spell memorised: Freeze; and the following spells
                  | available to memorise: Frozen Ramparts.
     0 | D:1      | Reached XP level 1. HP: 19/19 MP: 2/2
    35 | D:1      | Reached skill level 3 in Ranged Weapons
    69 | D:1      | Reached XP level 2. HP: 26/26 MP: 3/3
   309 | D:1      | Identified a scroll of acquirement
   309 | D:1      | Acquired the Directory of Entrancing Pestilence
   313 | D:1      | Learned a level 1 spell: Slow
   347 | D:1      | Reached XP level 3. HP: 30/32 MP: 2/4
   653 | D:2      | Found a faded altar of an unknown god.
  1204 | D:3      | Reached XP level 4. HP: 34/40 MP: 0/6
  1546 | D:3      | Noticed Sigmund
  1562 | D:3      | Killed Sigmund
  1563 | D:3      | Reached skill level 4 in Ranged Weapons
  1563 | D:3      | Reached XP level 5. HP: 38/48 MP: 7/9
  1563 | D:3      | Reached XP level 6. HP: 43/55 MP: 7/10
  1928 | D:4      | Reached skill level 1 in Dodging
  2014 | D:4      | Learned a level 4 spell: Fulminant Prism
  2573 | D:4      | Reached skill level 1 in Short Blades
  2573 | D:4      | Reached XP level 7. HP: 53/62 MP: 5/11
  2711 | D:5      | Entered Level 5 of the Dungeon
  2726 | D:5      | Found a glowing golden altar of the Shining One.
  2838 | D:5      | Reached skill level 5 in Ranged Weapons
  3178 | D:5      | Noticed Pikel
  3185 | D:5      | HP: 1/62 [orc priest/divine providence (13)]
  3194 | D:5      | Slain by Pikel

Illustrated notes

Levels and vault maps discovered:
D:1:      co_arrival_square_in_a_square_in_a_square, layout_basic, minivault_23,
          minivault_14
D:2:      layout_basic, hellmonk_ecumenical_altar_defaced_shrine,
          nrook_loot_triangle, patterned_corridor
D:3:      layout_loops_corners, uniq_sigmund
D:4:      layout_basic
D:5:      layout_basic, grunt_dithmenos_smoke_and_mirrors, tso_oasis_becter,
          uniq_crazy_yiuf_cottage, uniq_pikel, uniq_prince_ribbit1

Skill      XL: |  1  2  3  4  5  6  7 |
---------------+----------------------+-----
Ranged Weapons | 3 4 5 |  5.4
Spellcasting   | 2 3 |  3.7
Fighting       | 3 |  3.5
Dodging        | 1 2 |  2.2
Short Blades   | 1 2 |  2.1
Ice Magic      | 3 |  3.0
Stealth        | |  3.5
Conjurations   | |  0.4
Hexes          | |  0.7
Evocations     | |  0.1

Action                     |  1- 3 |  4- 6 |  7- 9 || total
---------------------------+-------+-------+-------++-------
  Melee: Short sword       |    23 |    48 |    47 ||   118
         Punch             |       |     3 |     1 ||     4
   Fire: Shortbow          |    67 |    48 |    41 ||   156
   Cast: Freeze            |    18 |    15 |       ||    33
         Slow              |    14 |     1 |     1 ||    16
         Fulminant Prism   |       |       |     4 ||     4
Ability: Spit Poison       |       |       |     2 ||     2
  Evoke: Wand              |       |       |     6 ||     6
    Use: Scroll            |     7 |     7 |     3 ||    17
         Potion            |       |     2 |     3 ||     5
   Stab: Sleeping          |       |     1 |       ||     1
         Invisible         |       |       |     1 ||     1
 Armour: Robe              |    19 |    22 |    22 ||    63
  Dodge: Dodged            |    27 |    29 |    51 ||   107
